AoeStats
← Ux'RaúlME

Arabia

507356310Analyzed
1v1 RM · 15d ago on Sep 17, 2026· 52m 50s· 2 players
Game mode
Random Map
Map size
Tiny (2 player)
Population
200
Speed
Normal
Resources
Standard
Victory
Conquest
Starting age
Dark Age
Ending age
Imperial Age
RankedLock teamsTeams togetherTeam positionsShared explorationLock speedFull tech treeHidden civsTurbo modeCheats
Victory
Defeat
🇫🇷 Italians · France
1362
+15
🇲🇽 Khmer · Mexico
1350
-15
Ux'RaúlME
6:27 Loom
9:20 Feudal Age
13:30 Town Watch
15:46 Double-Bit Axe
20:44 Castle Age
19:37 Gold Mining
20:07 Horse Collar
21:04 Light Cavalry
22:31 Bloodlines
22:39 Fletching
24:48 Wheelbarrow
25:31 Husbandry
28:49 Wheelbarrow
29:51 Heavy Plow
31:15 Bow Saw
31:38 Bodkin Arrow
31:59 Padded Archer Armor
36:45 Imperial Age
36:12 Leather Archer Armor
38:40 Bracer
38:30 Cavalier
39:31 Murder Holes
46:14 Chemistry
45:30 Double Crossbow
47:58 Scale Barding Armor
48:04 Forging
50:04 Conscription
50:25 Ring Archer Armor
50:30 Ballistics
51:57 Gold Shaft Mining
51:12 Stone Mining
51:57 Gold Shaft Mining
51:12 Stone Mining
51:57 Gold Shaft Mining
51:12 Stone Mining
constie
5:53 Loom
9:12 Feudal Age
9:31 Man-at-Arms
13:24 Fletching
15:31 Double-Bit Axe
22:00 Castle Age
20:20 Stone Mining
21:21 Gold Mining
21:35 Padded Archer Armor
22:52 Bodkin Arrow
22:35 Crossbowman
24:33 Leather Archer Armor
30:02 Ballistics
32:14 Wheelbarrow
32:57 Treadmill Crane
38:48 Imperial Age
36:49 Town Watch
37:26 Bow Saw
43:12 Bloodlines
43:39 Scale Barding Armor
44:55 Chemistry
45:03 Two-Man Saw
44:19 Fervor
44:25 Forging
44:09 Light Cavalry
44:57 Horse Collar
45:31 Bracer
47:54 Conscription
48:46 Chain Barding Armor
49:36 Husbandry
50:43 Plate Barding Armor
50:05 Hussar
51:50 Iron Casting
51:47 Ring Archer Armor
Connection lost

Rejoining the realm…

Still unreachable

The connection could not be restored.

Session expired

The server has moved on; the page needs a fresh start.